 Dungeon Sprint DCSS version 0.19.1 (webtiles) character file.

978 dvd the Basher (level 7, -7/81 HPs)
             Began as a Troll Berserker on Dec 21, 2016.
             Was a Priest of Trog.
             Mangled by a sixfirhy (9 damage)
             ... summoned by a kobold demonologist
             ... in the Dungeon (Sprint I: "Red Sonja").
             The game lasted 00:02:27 (354 turns).

dvd the Basher (Troll Berserker)                     Turns: 354, Time: 00:02:28

Health: -7/81      AC: -15   Str: 26    XL:     7   Next: 95%
Magic:  6/6        EV: 13    Int:  3    God:    Trog [***...]
Gold:   411        SH:  0    Dex: 11    Spells: 0 memorised, 6 levels left

rFire  . . .     SeeInvis .     a - +0 mace
rCold  . . .     Gourm    +     b - +0 animal skin
rNeg   . . .     Faith    .     (no shield)
rPois  .         Spirit   .     (helmet restricted)
rElec  .         Reflect  .     (no cloak)
rCorr  .         Harm     .     (gloves unavailable)
MR     ++...     NoTele   +     (boots unavailable)
Stlth  +.........               (no amulet)
                                (no ring)
                                (no ring)

@: exhausted, corroded, very slightly contaminated, regenerating, slowed, very
slow
A: unfitting armour, claws 3, fast metabolism 3, gourmand, regeneration 1,
shaggy fur 1, tough skin 2
a: Berserk, Trog's Hand, Burn Spellbooks, Renounce Religion


You were in the Dungeon.
You worshipped Trog.
Trog was most pleased with you.
You were not hungry.

You visited 1 branch You collected 411 gold pieces.

Inventory:

Hand Weapons
 a - a +0 mace (weapon)
Armour
 b - a +0 animal skin (worn)
Scrolls
 j - a scroll of immolation {unknown}
Potions
 d - a potion of curing
 f - a potion of haste
 g - 2 potions of magic
 h - a potion of berserk rage
Comestibles
 c - 2 bread rations


   Skills:
 + Level 8.9 Fighting
 + Level 10.6 Maces & Flails
 + Level 7.6 Dodging
 + Level 0.8 Stealth


You had 6 spell levels left.
You didn't know any spells.

Dungeon Overview and Level Annotations

Branches:
Dungeon (1/1)

Altars:
Cheibriados
Dithmenos
Elyvilon
Fedhas
Gozag
Hepliaklqana
Kikubaaqudgha
Makhleb
Nemelex Xobeh
Okawaru
Qazlal
Ru
Sif Muna
Trog
Uskayaw
Vehumet
Xom
Yredelemnul
Zin
The Shining One
Jiyva
Lugonu

Shops:
D [


Innate Abilities, Weirdness & Mutations

You are too large for most types of armour.
You have claws for hands.
Your metabolism is lightning-fast.
You like to eat raw meat.
Your natural rate of healing is unusually fast.
You are covered in fur. (AC +1)
You have very tough skin. (AC +2)


Message History

You hit the kobold demonologist but do no damage.
The kobold demonologist is moderately wounded.
The iron imp barely misses you. The rust devil hits you.
* * * LOW HITPOINT WARNING * * *
The rust devil corrodes you! The iron imp hits you.
* * * LOW HITPOINT WARNING * * *
The kobold demonologist hits you with a dagger.
* * * LOW HITPOINT WARNING * * *
Blink to where?
Press: ? - help, Dir - move target cursor You are very lightly contaminated with residual magic.
As you read the scroll of blinking, it crumbles to dust.
There is an open door here.
You feel the effects of Trog's Hand fading.
You miss the sixfirhy. The sixfirhy hits you. The sixfirhy shocks you!
* * * LOW HITPOINT WARNING * * *
The sixfirhy hits you!
* * * LOW HITPOINT WARNING * * *
The sixfirhy shocks you!
You die...

##########################
#<.#..').#.)3..#__#..43..#
#..'..#..'.@#..'5.4..#5..#
#..#####'#####'#__####...+
#..####..#...#.#### ####
#..#__####..##.#
#..#_____##'#..+
#⌠⌠#_.∩...'..._#
####_..__##_.#'#
#_____###+#(# ####### ###


You could see a sixfirhy.

Vanquished Creatures
  A kobold demonologist (D)
  A slime creature (D)
  Sigmund (D)
  A yak (D)
  A floating eye (D)
  An ogre (D)
  A jelly (D)
  Ijyb (D)
8 creatures vanquished.

Notes
Turn   | Place    | Note
-------+----------+-------------------------------------------
     0 | D        | dvd the Troll Berserker began the quest for the Orb.
     0 | D        | Reached XP level 1. HP: 22/22 MP: 0/0
     1 | D        | Noticed Ijyb
    16 | D        | Killed Ijyb
    16 | D        | Reached skill level 4 in Maces & Flails
    16 | D        | Reached XP level 2. HP: 23/32 MP: 1/1
    34 | D        | Noticed an ogre
    39 | D        | Killed an ogre
    39 | D        | Reached skill level 5 in Fighting
    39 | D        | Reached skill level 5 in Maces & Flails
    39 | D        | Reached XP level 3. HP: 20/42 MP: 2/2
    39 | D        | Reached XP level 4. HP: 23/50 MP: 3/3
    94 | D        | Noticed Sigmund
   103 | D        | Killed Sigmund
   103 | D        | Reached ** piety under Trog
   103 | D        | Reached skill level 7 in Maces & Flails
   103 | D        | Reached skill level 5 in Dodging
   103 | D        | Reached XP level 5. HP: 56/61 MP: 4/4
   103 | D        | Reached XP level 6. HP: 63/68 MP: 5/5
   120 | D        | Found a deep blue altar of Sif Muna.
   122 | D        | Found a radiant altar of Vehumet.
   156 | D        | Found Koffag's Armour Emporium.
   156 | D        | Found an ancient bone altar of Kikubaaqudgha.
   156 | D        | Found a hazy altar of Hepliaklqana.
   156 | D        | Found a stormy altar of Qazlal.
   156 | D        | Found a hide-covered altar of Uskayaw.
   156 | D        | Found a blossoming altar of Fedhas.
   156 | D        | Found a bloodstained altar of Trog.
   156 | D        | Found an iron altar of Okawaru.
   156 | D        | Found a basalt altar of Yredelemnul.
   156 | D        | Found a glowing golden altar of the Shining One.
   156 | D        | Found a snail-covered altar of Cheibriados.
   156 | D        | Found a sacrificial altar of Ru.
   156 | D        | Found a glowing silver altar of Zin.
   156 | D        | Found a shadowy altar of Dithmenos.
   156 | D        | Found a white marble altar of Elyvilon.
   156 | D        | Noticed a yak
   157 | D        | Found an opulent altar of Gozag.
   162 | D        | Killed a yak
   162 | D        | Reached skill level 8 in Maces & Flails
   163 | D        | Found a sparkling altar of Nemelex Xobeh.
   183 | D        | Found a viscous altar of Jiyva.
   183 | D        | Found a corrupted altar of Lugonu.
   183 | D        | Noticed a slime creature
   184 | D        | Found a burning altar of Makhleb.
   184 | D        | Found a shimmering altar of Xom.
   215 | D        | Killed a slime creature
   215 | D        | Reached *** piety under Trog
   215 | D        | Reached skill level 9 in Maces & Flails
   215 | D        | Reached XP level 7. HP: 31/80 MP: 6/6
   311 | D        | Noticed a kobold demonologist
   313 | D        | Noticed a kobold demonologist
   315 | D        | Noticed a rust devil
   324 | D        | Killed a kobold demonologist
   324 | D        | Reached skill level 10 in Maces & Flails
   327 | D        | Paralysed by a floating eye for 3 turns
   348 | D        | Noticed a hellwing
   349 | D        | Noticed a rust devil
   350 | D        | Noticed a sixfirhy
   354 | D        | HP: 2/81 [sixfirhy[a kobold demonologist] (14)]
   354 | D        | Mangled by a sixfirhy

Skill      XL: |  1  2  3  4  5  6  7 |
---------------+----------------------+-----
Fighting       | 3 5 6 8 |  8.9
Maces & Flails | 4 5 7 9 10 | 10.6
Dodging        | 3 4 5 7 |  7.6
Stealth        | |  0.8

Action                   |  1- 3 |  4- 6 |  7- 9 || total
-------------------------+-------+-------+-------++-------
Melee: Mace              |    18 |    26 |    28 ||    72
Invok: Trog's Hand       |       |     1 |     2 ||     3
       Berserk           |       |     1 |     1 ||     2
  Use: Scroll            |       |       |     1 ||     1
       Potion            |       |       |     1 ||     1
 Stab: Sleeping          |       |     2 |       ||     2
  Eat: Chunk             |     1 |     3 |       ||     4
Armor: Animal skin       |     1 |     2 |     1 ||     4
Dodge: Dodged            |    10 |     4 |    18 ||    32
